Map: Orbital Shipyard

Players

State

  • Race: Protoss Protoss
  • League: Grandmaster

llllllllllll (Dream) - Winner!

  • Race: Terran Terran
  • League: Grandmaster

VOD

Have the link to the VOD?

Description

Time

  • Played on: Dec. 27, 2015, 11:07 p.m.
  • Length: 11:49
Show
View Real Time Build Order
Export as new Build Order

State Protoss 

Build Orders: 1 Gate Expand, Blink Stalkers 

Get SALT Encoding   

  12  0:01  Probe (Chrono Boost)  
  13  0:12  Probe (Chrono Boost)  
  14  0:21  Pylon  
  14  0:23  Probe (Chrono Boost)  
  15  0:39  Probe (Chrono Boost)  
  15  0:40  Gateway  
  16  0:44  Assimilator  
  16  0:50  Probe (Chrono Boost)  
  17  1:00  Probe (Chrono Boost)  
  19  1:11  Probe (Chrono Boost)  
  19  1:21  Nexus  
  19  1:24  Probe (Chrono Boost)  
  20  1:32  Cybernetics Core  
  20  1:36  Probe (Chrono Boost)  
  21  1:43  Assimilator  
  21  1:46  Probe (Chrono Boost)  
  22  1:50  Pylon  
  22  1:57  Probe (Chrono Boost)  
  23  2:09  Mothership Core (Chrono Boost)  
  26  2:16  Stalker  
  26  2:27  Probe (Chrono Boost), Warp Gate  
  27  2:34  Probe (Chrono Boost)  
  28  2:38  Probe (Chrono Boost)  
  29  2:44  Twilight Council  
  29  2:45  Probe (Chrono Boost)  
  29  2:48  Probe (Chrono Boost)  
  31  2:52  Stalker  
  31  2:55  Probe (Chrono Boost)  
  34  2:59  Probe (Chrono Boost)  
  35  3:06  Probe (Chrono Boost)  
  35  3:09  Probe (Chrono Boost)  
  37  3:16  Gateway  
  37  3:17  Gateway  
  38  3:20  Probe x2 (Chrono Boost)  
  38  3:25  Blink (Chrono Boost)  
  39  3:29  Probe  
  39  3:31  Probe  
  41  3:40  Probe  
  41  3:42  Robotics Facility  
  41  3:43  Probe  
  43  3:49  Pylon  
  43  3:50  Probe  
  44  3:56  Probe, Assimilator  
  44  4:01  Probe  
  44  4:02  Assimilator  
  45  4:08  Probe  
  47  4:10  Pylon  
  47  4:11  Probe  
  48  4:21  Probe  
  48  4:22  Probe  
  50  4:30  Nexus  
  50  4:32  Observer (Chrono Boost)  
  50  4:33  Stalker, Probe x2  
  55  4:38  Stalker  
  55  4:43  Probe  
  55  4:45  Probe  
  59  4:50  Stalker  
  59  4:51  Observer (Chrono Boost)  
  62  4:53  Pylon  
  62  4:55  Pylon  
  62  5:01  Forge x2  
  62  5:10  Probe  
  62  5:11  Probe  
  62  5:13  Warp Prism (Chrono Boost)  
  66  5:17  Charge  
  66  5:20  Probe  
  66  5:23  Probe  
  66  5:27  Stalker x2  
  72  5:32  Probe  
  72  5:35  Protoss Ground Weapons Level 1 (Chrono Boost), Protoss Ground Armor Level 1 (Chrono Boost)  
  73  5:40  Probe  
  74  5:44  Probe  
  74  5:48  Pylon  
  75  5:51  Observer, Photon Cannon x2  
  75  5:52  Probe  
  75  5:53  Probe  
  78  6:03  Probe  
  78  6:05  Probe x2  
  78  6:09  Stalker x3  
  87  6:14  Probe  
  87  6:17  Probe x2  
  89  6:25  Probe  
  89  6:29  Probe  
  89  6:30  Probe  
  92  6:35  Probe  
  92  6:36  Stalker  
  81  6:48  Probe x2  
  81  6:50  Probe  
  81  6:52  Immortal (Chrono Boost)  
  86  6:56  Gateway  
  86  6:57  Gateway  
  86  6:58  Assimilator  
  86  6:59  Protoss Ground Armor Level 2 (Chrono Boost), Protoss Ground Weapons Level 2 (Chrono Boost)  
  86  7:00  Probe, Assimilator  
  87  7:02  Pylon  
  87  7:04  Pylon  
  87  7:05  Pylon  
  87  7:06  Templar Archives  
  87  7:16  Nexus  
  87  7:17  Pylon  
  89  7:30  Warp Prism (Chrono Boost)  
  89  7:31  Sentry  
  89  7:34  Gateway  
  89  7:36  Gateway  
  91  7:37  Gateway  
  91  7:38  Gateway  
  91  7:41  Pylon  
  91  7:43  Stalker x2, Pylon  
  95  7:46  Psionic Storm  
  95  7:47  Dark Shrine  
  95  7:50  Pylon  
  95  8:05  Zealot x3  
  101  8:09  Immortal (Chrono Boost)  
  101  8:10  High Templar x2  
  109  8:16  Gateway  
  109  8:17  Gateway  
  109  8:20  Pylon  
  109  8:22  Gateway, Pylon  
  109  8:23  Pylon  
  109  8:24  Gateway  
  109  8:30  High Templar x2  
  109  8:31  Stalker  
  115  8:36  Probe x2  
  115  8:37  Probe  
  118  8:45  Probe, Immortal (Chrono Boost)  
  123  8:48  Probe  
  123  8:50  Zealot x6  
  136  8:56  Probe x2, Resonating Glaives  
  136  8:57  Probe  
  136  9:00  Probe  
  140  9:14  Pylon  
  140  9:17  Pylon  
  140  9:21  Pylon  
  140  9:27  Zealot  
  140  9:28  Zealot x7  
  140  9:29  High Templar x3  
  162  9:34  Pylon  
  162  9:35  Pylon  
  162  9:36  Assimilator  
  162  9:37  Assimilator  
  162  9:38  Photon Cannon  
  162  9:39  Photon Cannon  
  162  9:41  Photon Cannon  
  162  9:42  Pylon  
  162  9:59  Stalker x6  
  162  10:17  Stalker x6  
  122  10:41  Zealot x11  
  126  10:46  Zealot x2  
  99  11:04  Stalker x4  
  93  11:20  High Templar x4  
  93  11:22  Stalker x3  
  98  11:34  Archon  
  98  11:36  Archon  
  98  11:37  Zealot  
  98  11:38  Stalker, Zealot x4  
Show
View Real Time Build Order
Export as new Build Order

llllllllllll Terran - Winner!

Build Orders: Liberator Opening, Reaper Expand, MMM Bio 

Get SALT Encoding   

  12  0:00  SCV  
  13  0:12  SCV  
  14  0:18  Supply Depot  
  14  0:24  SCV  
  15  0:40  SCV  
  15  0:42  Barracks  
  16  0:46  Refinery  
  16  0:52  SCV  
  18  1:04  SCV  
  18  1:16  SCV  
  19  1:29  Orbital Command  
  19  1:31  Reaper  
  20  1:39  Command Center  
  20  1:50  Supply Depot  
  20  1:55  SCV  
  21  2:02  Marine  
  22  2:09  SCV, Factory  
  23  2:20  Refinery  
  23  2:21  SCV  
  24  2:24  Barracks Reactor  
  24  2:33  SCV  
  25  2:49  SCV  
  26  2:53  Orbital Command  
  26  2:54  Bunker  
  26  2:55  Starport  
  26  3:00  Factory Tech Lab, Marine  
  26  3:01  Marine  
  26  3:04  SCV  
  29  3:16  SCV, Liberator  
  29  3:18  SCV, Marine x2  
  33  3:28  SCV  
  33  3:30  SCV  
  38  3:35  Supply Depot  
  38  3:36  Marine x2  
  38  3:41  SCV  
  41  3:42  SCV  
  42  3:53  SCV  
  42  3:54  SCV, Marine x2  
  46  3:57  Cyclone  
  48  4:05  SCV  
  48  4:07  SCV  
  50  4:11  Command Center  
  52  4:18  SCV  
  52  4:19  SCV  
  52  4:22  Supply Depot  
  52  4:23  Supply Depot, Engineering Bay  
  52  4:26  Liberator  
  52  4:30  SCV  
  52  4:31  SCV  
  54  4:39  Barracks x2  
  54  4:43  Factory Tech Lab  
  57  4:45  SCV  
  57  4:46  SCV  
  57  4:49  Engineering Bay  
  59  4:53  Supply Depot  
  59  4:57  Terran Infantry Weapons Level 1  
  59  4:58  SCV x2  
  59  4:59  Refinery  
  61  5:03  Refinery  
  61  5:08  Marine  
  61  5:09  Marine  
  61  5:10  SCV x2  
  61  5:11  Factory Reactor  
  65  5:15  Terran Infantry Armor Level 1  
  65  5:22  SCV x2  
  65  5:23  Orbital Command  
  65  5:25  Barracks  
  65  5:26  Barracks  
  67  5:32  Marine x2  
  67  5:33  Marine  
  67  5:34  SCV x2  
  72  5:36  Stimpack  
  72  5:38  Orbital Command  
  72  5:46  Combat Shields, SCV x2  
  72  5:47  Marauder  
  76  5:53  Marine x2  
  78  5:58  SCV x2  
  78  6:01  Missile Turret  
  80  6:04  Medivac  
  80  6:05  SCV, Missile Turret, Medivac  
  80  6:10  SCV x2  
  87  6:12  Supply Depot  
  87  6:14  Barracks Reactor, Barracks Tech Lab, Missile Turret  
  87  6:15  Factory Reactor  
  88  6:22  SCV x2  
  88  6:25  Marine x2, Marauder x2  
  88  6:34  SCV x2  
  88  6:35  Liberator x2, Orbital Command  
  81  6:45  Marauder, Marine x2  
  81  6:46  SCV, Marauder  
  81  6:48  SCV  
  81  6:53  Marine x2  
  89  6:58  SCV  
  89  7:00  SCV  
  91  7:01  SCV, Refinery  
  91  7:02  Marauder  
  91  7:03  Marine  
  91  7:05  Refinery, Widow Mine  
  91  7:06  Concussive Shells  
  97  7:11  SCV  
  97  7:12  SCV  
  97  7:13  Armory, SCV  
  100  7:22  Supply Depot  
  101  7:26  Liberator  
  101  7:27  SCV  
  101  7:34  Barracks  
  101  7:35  Barracks x2  
  101  7:37  Supply Depot  
  101  7:38  Supply Depot  
  101  7:42  Liberator  
  101  7:43  SCV x3  
  101  7:44  Marine x2  
  107  7:48  Supply Depot  
  109  7:51  Supply Depot  
  109  7:58  Marine, Widow Mine x2  
  109  7:59  SCV x3, Marine  
  109  8:01  Marauder x2  
  109  8:03  Terran Infantry Weapons Level 2  
  109  8:05  Terran Infantry Armor Level 2  
  125  8:09  Marine x2  
  125  8:10  Marauder  
  125  8:11  SCV x2, Supply Depot  
  125  8:12  SCV, Supply Depot  
  132  8:13  Supply Depot  
  132  8:16  Starport, Liberator  
  132  8:18  Marine  
  132  8:19  Marine  
  134  8:22  Marine x2  
  134  8:23  SCV x2  
  134  8:24  SCV  
  134  8:25  Liberator  
  139  8:27  Marine  
  139  8:28  Barracks Reactor, Barracks Tech Lab x2  
  145  8:35  SCV  
  145  8:38  Marine x3  
  147  8:44  Supply Depot  
  147  8:45  Missile Turret  
  147  8:46  Supply Depot, Marauder x2  
  147  8:47  Marauder x2, Liberator x2  
  158  8:56  Command Center  
  164  9:10  Marine x2  
  164  9:11  Marauder x3  
  164  9:12  Marine  
  164  9:13  Marine  
  174  9:17  Supply Depot  
  174  9:20  Supply Depot  
  170  9:31  Medivac x2, Liberator x2  
  170  9:33  Marine x2, Marauder x3  
  181  9:38  Marine x6  
  181  9:45  Supply Depot  
  187  9:51  Marine  
  194  9:57  Marauder  
  196  10:00  Marauder  
  200  10:07  Marauder x2  
  200  10:17  Marauder  
  200  10:22  Liberator x3  
  200  10:24  Liberator  
  197  10:29  Marauder x3, Marine  
  185  10:40  Marauder x2, Marine x5  
  185  10:42  SCV x2  
  177  10:50  Marauder  
  177  10:53  Marauder x2, Marine  
  178  10:58  Marine x2  
  178  11:02  Marauder x2  
  176  11:04  Marine  
  176  11:05  Marine x2  
  176  11:11  Marine  
  180  11:12  Marauder  
  180  11:13  SCV  
  180  11:14  SCV, Marauder  
  180  11:15  Marauder  
  180  11:16  Marine  
  185  11:23  Marauder x2  
  185  11:25  Marine x2  
  191  11:26  Marine  
  191  11:28  Marine  
Tags
 
Add a new tag
Caveats
  • Supply blocks, unpowered buildings, or Contaminate may cause inaccurate times.
  • Supply counts are checked every 10 seconds.